 Dungeon Crawl Stone Soup version 0.18.1-50-g88ac8fd (webtiles) character file.

70 Kronon the Covered (level 4, 0/33 HPs)
             Began as a Demonspawn Wanderer on Sept 18, 2016.
             Killed from afar by Sigmund (6 damage)
             ... with a puff of flame
             ... on level 2 of the Dungeon.
             The game lasted 00:06:25 (1575 turns).

Kronon the Covered (Demonspawn Wanderer)            Turns: 1575, Time: 00:06:25

Health: 0/33       AC:  6    Str: 13    XL:     4   Next: 3%
Magic:  5/5        EV: 10    Int: 15    God:
Gold:   60         SH:  0    Dex: 11    Spells: 0 memorised, 5 levels left

rFire  . . .     SeeInvis .     a - +2 shortbow
rCold  . . .     Gourm    .     d - +0 ring mail
rNeg   . . .     Faith    .     (shield currently unavailable)
rPois  .         Spirit   .     (no helmet)
rElec  .         Dismiss  .     (no cloak)
rCorr  .         Reflect  .     (no gloves)
SustAt .         Harm     .     (no boots)
MR     .....                    (no amulet)
Stlth  ..........               (no ring)
                                (no ring)

@: confused, not resistant to hostile enchantments, extremely unstealthy
A: molten scales 1, powered by death 2
a: no special abilities


You were on level 2 of the Dungeon.
You were not hungry.

You visited 1 branch of the dungeon, and saw 2 of its levels.

You collected 60 gold pieces.

Inventory:

Hand Weapons
 a - a +2 shortbow (weapon)
 h - a +2 spear of freezing
 l - a +1 dagger of speed
Missiles
 b - 5 arrows (quivered)
Armour
 d - a +0 ring mail (worn)
Scrolls
 j - a scroll of noise {unknown}
Books
 c - Edaxaniupu's Reference Book on Cold

   Spells                             Type                      Level
   a - Freeze                         Ice                          1
   b - Ozocubu's Armour               Charms/Ice                   3
Comestibles
 f - 4 bread rations
 n - 4 chunks of flesh


   Skills:
 * Level 1.8 Fighting
   Level 0.5 Axes
 - Level 1.2 Bows
 - Level 3.7 Armour
 - Level 1.0 Dodging
 - Level 1.0 Stealth
 - Level 1.0 Spellcasting
   Level 1.7 Earth Magic
   Level 1.0 Evocations


You had 5 spell levels left.
You didn't know any spells.

Dungeon Overview and Level Annotations

Branches:
Dungeon (2/15)

Altars:
The Shining One

Annotations:
D:2 Sigmund


Innate Abilities, Weirdness & Mutations

You are partially covered in molten scales (AC +1).
You regenerate health from kills.


Message History

* * * LOW HITPOINT WARNING * * *
Firing (i - inventory):
b - 8 arrows (quivered)
Press: ? - help, Shift-Dir - straight line, f/p - Sigmund
Aim: Sigmund, wielding a scythe and wearing a robe (almost dead)
You shoot an arrow. The arrow closely misses Sigmund.
Sigmund points at you and mumbles some strange words.
The puff of flame misses you.
Firing (i - inventory):
b - 7 arrows (quivered)
Press: ? - help, Shift-Dir - straight line, f/p - Sigmund
Aim: Sigmund, wielding a scythe and wearing a robe (almost dead)
You shoot an arrow. The arrow closely misses Sigmund.
Sigmund points at you and mumbles some strange words.
You are confused.
Firing (i - inventory):
b - 6 arrows (quivered)
Press: ? - help, Shift-Dir - straight line, f/p - Sigmund
Aim: Sigmund, wielding a scythe and wearing a robe (almost dead)
You shoot an arrow. Sigmund gestures at you while chanting.
The puff of flame hits you!
You die...

#..........#
########..........#
##.....##..........#
##..................#
#...................#
).##
#.........###########
<....###.........#
#.............# #
####.........@# #.
##...........(@.((..
#.###..#......########..
#.#...##......# . ..
....##........# #.
##.#(. ....#..#......#
#.. #....#
...†..÷.......# #..
#.#..# .......##.<...#
#.. #.#..#
...######..##.# #.#
#.#..#


You could see Sigmund.

Vanquished Creatures
  2 adders
  2 oozes (D:1)
  A worm (D:2)
  A dart slug (D:1)
  2 giant geckos (D:1)
  6 bats
  2 giant cockroaches (D:1)
  4 hobgoblins
  2 ball pythons (D:1)
  4 goblins (D:1)
  8 kobolds
  5 rats (D:1)
  A bush (D:1)
40 creatures vanquished.

Vanquished Creatures (others)
  A gnoll (D:2)
1 creature vanquished.

Grand Total: 41 creatures vanquished

Notes
Turn   | Place    | Note
--------------------------------------------------------------
     0 | D:1      | Kronon the Demonspawn Wanderer began the quest for the Orb.
     0 | D:1      | Kronon set off with: a +2 shortbow, 21 arrows, Edaxaniupu's Reference Book on Cold, a +0 ring mail, a bread ration
     0 | D:1      | Reached XP level 1. HP: 15/15 MP: 2/2
     2 | D:1      | Noticed an ogre
     2 | D:1      | Noticed a draconian
     4 | D:1      | Noticed a dwarf
     6 | D:1      | Noticed a spriggan
     6 | D:1      | Noticed a formicid
     8 | D:1      | Noticed a demonspawn
     8 | D:1      | Noticed a gargoyle
    10 | D:1      | Noticed a minotaur
    12 | D:1      | Noticed a naga
    14 | D:1      | Noticed a halfling
    14 | D:1      | Noticed an octopode
    16 | D:1      | Noticed a tengu
    16 | D:1      | Noticed a troll
    18 | D:1      | Noticed an elf
    18 | D:1      | Noticed a centaur
    20 | D:1      | Noticed a merfolk
    20 | D:1      | Noticed a ghoul
    22 | D:1      | Noticed a vampire
    22 | D:1      | Noticed a demigod
    24 | D:1      | Noticed a human
    26 | D:1      | Noticed a vine stalker
    26 | D:1      | Noticed a felid
   135 | D:1      | Reached skill level 3 in Armour
   221 | D:1      | Gained mutation: You regenerate a little health from kills. [demonic ancestry]
   221 | D:1      | Reached XP level 2. HP: 17/21 MP: 3/3
   802 | D:1      | Gained mutation: You are partially covered in molten scales (AC +1). [demonic ancestry]
   802 | D:1      | Reached XP level 3. HP: 25/26 MP: 4/4
  1317 | D:1      | Reached skill level 1 in Dodging
  1461 | D:2      | Found a glowing golden altar of the Shining One.
  1534 | D:2      | Gained mutation: You regenerate health from kills. [demonic ancestry]
  1534 | D:2      | Reached XP level 4. HP: 30/33 MP: 5/5
  1558 | D:2      | Noticed Sigmund
  1575 | D:2      | Killed from afar by Sigmund

Skill      XL: |  1  2  3 |
---------------+----------+-----
Armour         | 3 |  3.7
Dodging        | 1 |  1.0
Fighting       | |  1.8
Axes           | |  0.5
Bows           | |  1.2
Stealth        | |  1.0
Spellcasting   | |  1.0
Earth Magic    | |  1.7
Evocations     | |  1.0

Action                   |  1- 3 |  4- 6 || total
-------------------------+-------+-------++-------
Melee: Hand axe          |   212 |       ||   212
       Spear             |    19 |       ||    19
 Fire: Shortbow          |     6 |    16 ||    22
  Use: Scroll            |     4 |       ||     4
  Eat: Chunk             |     3 |       ||     3
Armor: Ring mail         |    89 |     1 ||    90
Dodge: Dodged            |   100 |     5 ||   105
